 Dungeon Crawl Stone Soup version 0.24-a0-493-g7e4ddcd485 (webtiles) character file.

Game seed: 4301746073954640588

451 ivs the Vexing (level 6, -4/41 HPs)
             Began as a Vampire Enchanter on July 12, 2019.
             Was an Initiate of Ashenzari.
             Slain by Menkaure (15 damage)
             ... on level 6 of the Dungeon.
             The game lasted 00:24:40 (2225 turns).

ivs the Vexing (Vampire Enchanter)                  Turns: 2225, Time: 00:24:47

Health: -4/41      AC:  5    Str:  7    XL:     6   Next: 75%
Magic:  8/11       EV: 12    Int: 19    God:    Ashenzari [......]
Gold:   209        SH:  0    Dex: 15    Spells: 2/11 levels left

rFire    . . .     SeeInvis +   a - +2 short sword (drain) (curse)
rCold    + . .     Gourm    .   (no shield)
rNeg     . . .     Faith    .   v - +2 leather armour {rPois} (curse)
rPois    +         Spirit   .   (no helmet)
rElec    .         Reflect  .   (no cloak)
rCorr    .         Harm     .   (no gloves)
MR       .....                  (no boots)
Stlth    +++.......             (no amulet)
HPRegen  0.33/turn              C - ring of protection from cold
MPRegen  0.12/turn              (no ring)

@: regenerating quickly
A: no food, fangs 3, see invisible, unbreathing
a: Exsanguinate, Curse Item, Renounce Religion


You were on level 6 of the Dungeon.
You worshipped Ashenzari.
Ashenzari was noncommittal.
You were alive.

You visited 2 branches of the dungeon, and saw 7 of its levels.

You collected 209 gold pieces.

Inventory:

Hand Weapons
 a - a cursed +2 short sword of draining (weapon)
 b - a +4 short sword
Missiles
 o - 41 poisoned darts
 s - 6 javelins (quivered)
Armour
 v - a cursed +2 leather armour of poison resistance (worn)
Jewellery
 C - a ring of protection from cold (left hand)
Wands
 k - a wand of enslavement (3)
Scrolls
 f - 4 scrolls of teleportation
 g - a scroll of magic mapping {unknown}
 h - a scroll of fog
 m - 2 scrolls of fear {unknown}
 n - a scroll of noise {unknown}
 p - a scroll of amnesia {unknown}
 q - 3 scrolls of enchant armour
 r - a scroll of blinking {unknown}
 t - a scroll of enchant weapon {unknown}
Potions
 c - a potion of lignification
 e - 2 potions of resistance
 j - 5 potions of curing
 l - a potion of mutation
 u - a potion of flight


   Skills:
 + Level 4.3 Short Blades
 - Level 2.1 Dodging
 - Level 4.4 Stealth
 - Level 3.4 Spellcasting
 - Level 7.4 Hexes
 - Level 2.2 Ice Magic


You had 2 spell levels left.
You knew the following spells:

 Your Spells              Type           Power        Failure   Level  Hunger
a - Corona                Hex            ####...      1%          1    N/A
c - Confuse               Hex            ####....     3%          3    N/A
h - Ensorcelled Hibernat  Hex/Ice        ###...       4%          2    N/A
t - Tukima's Dance        Hex            ####....     3%          3    N/A

Your spell library contained the following spells:

 Spells                   Type           Power        Failure   Level  Hunger
 Dazzling Spray           Conj/Hex       ###...       14%         3    N/A

Dungeon Overview and Level Annotations

Branches:
Dungeon (6/15)             Temple (1/1) D:5

Altars:
Ashenzari
Cheibriados
Dithmenos
Elyvilon
Fedhas
Gozag
Hepliaklqana
Kikubaaqudgha
Nemelex Xobeh
Okawaru
Qazlal
Ru
Sif Muna
Trog
Uskayaw
Vehumet
Xom
Yredelemnul
Zin
The Shining One

Annotations:
D:4 exclusion: ogre
D:6 Menkaure


Innate Abilities, Weirdness & Mutations

You do not eat.
Your natural rate of healing is unusually fast.
You have razor-sharp teeth.
You have supernaturally acute eyesight. (SInv)
You can survive without breathing.


Message History

Menkaure shouts!
You hear a bark!
Menkaure gestures wildly while chanting.
Menkaure seems to speed up.
You hear a bark!
There is a stone staircase leading up here.
Casting: Confuse (safe; 3% risk of failure)
Confirm with . or Enter, or press ? or * to list all spells.
Aiming: Confuse (safe; 3% risk of failure)
Press: ? - help, Shift-Dir - straight line, f - Menkaure
Aim: Menkaure (fast, chance to defeat MR: 60%) Menkaure appears confused.
You barely miss Menkaure. Your bite misses Menkaure. Menkaure hits you!!
You catch the helpless Menkaure completely off-guard!
You puncture Menkaure!
Menkaure is heavily damaged.
Menkaure hits you!
* * * LOW HITPOINT WARNING * * *
Menkaure hits you!
You die...

# .# ####!#####
# #<@M......
#.#.#.##..?#####
#.M........#
#.#.#.#....# #
#.....# #..#..#
#.....# #..#.##
##.#.#


You could see Menkaure (confused).

Vanquished Creatures
  Eustachio (D:4)
  2 hounds
  A centaur skeleton (D:4)
  A worker ant (D:5)
  2 worker ant zombies (D:5)
  2 adders (D:3)
  An adder skeleton (D:5)
  4 worms
  2 leopard geckos (D:3)
  8 orcs
  A ball python (D:2)
  4 bats
  2 giant cockroaches
  8 goblins
  3 hobgoblins (D:2)
  8 jackals
  6 kobolds
  7 rats
63 creatures vanquished.

Vanquished Creatures (collateral kills)
  An ogre (D:5)
1 creature vanquished.

Grand Total: 64 creatures vanquished

Notes
Turn   | Place    | Note
-------+----------+-------------------------------------------
     0 | D:1      | ivs the Vampire Enchanter began the quest for the Orb.
     0 | D:1      | Reached XP level 1. HP: 13/13 MP: 3/3
   213 | D:1      | Reached XP level 2. HP: 19/19 MP: 3/5
   217 | D:1      | Learned a level 2 spell: Ensorcelled Hibernation
   427 | D:2      | Reached skill level 1 in Ice Magic
   726 | D:2      | Found a glowing silver altar of Zin.
   727 | D:2      | Noticed an angel
   773 | D:3      | Reached XP level 3. HP: 24/24 MP: 2/6
   778 | D:3      | Learned a level 3 spell: Confuse
  1284 | D:3      | Reached XP level 4. HP: 26/30 MP: 1/8
  1304 | D:3      | Noticed an orc warrior
  1501 | D:4      | Noticed an ogre
  1584 | D:4      | Learned a level 3 spell: Tukima's Dance
  1629 | D:4      | Noticed Eustachio
  1647 | D:4      | Killed Eustachio
  1647 | D:4      | Reached skill level 7 in Hexes
  1647 | D:4      | Reached XP level 5. HP: 35/35 MP: 5/10
  1720 | D:4      | Reached XP level 6. HP: 30/41 MP: 7/11
  1759 | D:5      | Entered Level 5 of the Dungeon
  1933 | D:5      | Found a staircase to the Ecumenical Temple.
  1939 | Temple   | Entered the Ecumenical Temple
  2001 | Temple   | Became a worshipper of Ashenzari the Shackled
  2214 | D:6      | Noticed Menkaure
  2225 | D:6      | Slain by Menkaure

Levels and vault maps discovered:
D:1:      dpeg_arrival_round_c, layout_loops_ring
D:2:      layout_basic, zin_angel, first_ration
D:3:      layout_loops_ring, lightli_corner_chamber
D:4:      layout_rooms, minmay_misc_feat_ornament, minmay_small_thing,
          uniq_eustachio
D:5:      layout_loops_corners, minmay_temple_entry_hall
D:6:      layout_basic, nrook_uturn, minmay_misc_feat_rows,
          grunt_dithmenos_smoke_and_mirrors, uniq_duvessa, uniq_prince_ribbit1,
          uniq_menkaure
Temple:   minmay_crystal_snake_temple

Skill      XL: |  1  2  3  4  5  6 |
---------------+-------------------+-----
Short Blades   | 2 4 |  4.3
Ice Magic      | 1 2 |  2.2
Spellcasting   | 3 |  3.4
Hexes          | 7 |  7.4
Dodging        | |  2.1
Stealth        | |  4.4

Action                   |  1- 3 |  4- 6 || total
-------------------------+-------+-------++-------
Melee: Dagger            |    18 |       ||    18
       Bite              |     2 |     4 ||     6
       Short sword       |    56 |    74 ||   130
Throw: Javelin           |     2 |       ||     2
 Cast: Corona            |    21 |     1 ||    22
       Ensorcelled Hiber |    17 |    14 ||    31
       Confuse           |       |     5 ||     5
       Tukima's Dance    |       |     2 ||     2
Invok: Curse Item        |       |     2 ||     2
  Use: Scroll            |       |    10 ||    10
 Stab: Sleeping          |    18 |    12 ||    30
       Confused          |       |     4 ||     4
Armor: Leather armour    |    10 |     5 ||    15
Dodge: Dodged            |    39 |    45 ||    84

Table legend:
 A = Non-vault XP
 B = Vault XP
 C = Vault XP percentage of total XP
 D = Non-vault monster count
 E = Vault monster count
 F = Vault count percentage of total count
                 A         B        C        D         E       F
            +---------+---------+-------+---------+---------+-------
      Total |     449 |     196 |  30.4 |      63 |       1 |   1.6
            +---------+---------+-------+---------+---------+-------
        D:1 |      19 |       0 |   0.0 |      12 |       0 |   0.0
        D:2 |      25 |       0 |   0.0 |      12 |       0 |   0.0
        D:3 |     126 |       0 |   0.0 |      27 |       0 |   0.0
        D:4 |      49 |     196 |  80.0 |       3 |       1 |  25.0
        D:5 |     230 |       0 |   0.0 |       9 |       0 |   0.0
            +---------+---------+-------+---------+---------+-------
